PCL
HOUSTON HAMMERTIME @ ALBUQUERQUE ISOTOPES
08/18/2030
 
TOP OF THE 1ST
Houston Hammertime batting - Pitching for Albuquerque Isotopes : RHP Pedro Alvarado
Pitching: RHP Pedro Alvarado
Batting: RHB Juan Carlos 0-0: Called Strike
0-1: Foul Ball, location: 2F
0-2: SINGLE (Line Drive, 56D)
Batting: RHB Ron Elazar 0-0: Ball
1-0: Ball
Juan Carlos is caught stealing 2nd base
2-0: DOUBLE (Line Drive, 7LD)
Batting: LHB Marcos Cantú 0-0: Called Strike
0-1: Ball
1-1: Foul Ball, location: 2F
1-2: Ball
2-2: Strikes out swinging
Batting: RHB Raúl Salas 0-0: Ball
1-0: SINGLE (Groundball, 6MD)
Ron Elazar to third
Runner from 3rd tries for Home, SAFE, no throw
Batting: LHB António Camacho 0-0: Ball
1-0: Ball
2-0: Called Strike
2-1: Swinging Strike
2-2: Ball
3-2: Base on Balls
Raúl Salas to second
Batting: RHB Jorge Barbosa 0-0: Fielders Choice at 2nd, 5-4 (Groundball, 56)
Top of the 1st over - 1 run, 3 hits, 0 errors, 2 left on base; Houston 1 - Albuquerque 0
BOTTOM OF THE 1ST
Albuquerque Isotopes batting - Pitching for Houston Hammertime : RHP Aaron Green
Pitching: RHP Aaron Green
Batting: LHB Robin Jamieson 0-0: Fly out, F9 (Flyball, 9)
Batting: RHB Kelly Graham 0-0: Ball
1-0: Swinging Strike
1-1: Foul Ball, location: 2F
1-2: Foul Ball, location: 2F
1-2: Strikes out swinging
Batting: LHB José González 0-0: Ball
1-0: Ball
2-0: Foul Ball, location: 2F
2-1: Foul Ball, location: 2F
2-2: Ground out 1-3 (Groundball, 13S)
Bottom of the 1st over - 0 runs, 0 hits, 0 errors, 0 left on base; Houston 1 - Albuquerque 0
TOP OF THE 2ND
Houston Hammertime batting - Pitching for Albuquerque Isotopes : RHP Pedro Alvarado
Batting: LHB Raúl Casillán 0-0: Foul Ball, location: 2F
0-1: Fly out, F9 (Flyball, 89XD)
Batting: RHB José García 0-0: Ball
1-0: Called Strike
1-1: SINGLE (Groundball, 34D)
Batting: LHB Enrique Valentín 0-0: Called Strike
0-1: Foul Ball, location: 2F
0-2: Ball
1-2: Strikes out swinging
Batting: RHB Juan Carlos 0-0: Ball
1-0: Foul Ball, location: 2F
1-1: Ball
2-1: Ball
3-1: Foul Ball, location: 2F
3-2: Base on Balls
José García to second
Batting: RHB Ron Elazar 0-0: Ball
José García steals 3rd base
Juan Carlos to second
1-0: Ball
2-0: SINGLE (Groundball, 3D)
José García scores
Juan Carlos to third
Runner from 3rd tries for Home, SAFE, throw made home
Batting: LHB Marcos Cantú 0-0: Called Strike
0-1: Foul Ball, location: 2F
0-2: Foul Ball, location: 2F
0-2: Ball
Ron Elazar is caught stealing 2nd base
Top of the 2nd over - 2 runs, 2 hits, 0 errors, 0 left on base; Houston 3 - Albuquerque 0
BOTTOM OF THE 2ND
Albuquerque Isotopes batting - Pitching for Houston Hammertime : RHP Aaron Green
Batting: RHB Roberto Tobías 0-0: Swinging Strike
0-1: Fly out, F8 (Flyball, 8RS)
Batting: SHB Manuel Hegnauer 0-0: Foul Ball, location: 2F
0-1: Reached on error, E6 (Groundball, 6)
Batting: LHB Tanyu Imai 0-0: Foul Ball, location: 2F
0-1: Ball
1-1: Ball
2-1: Ball
3-1: Fly out, F9 (Flyball, 9D)
Batting: RHB Luis Ortega 0-0: Swinging Strike
0-1: Ball
1-1: Foul Ball, location: 2F
1-2: Foul Ball, location: 2F
1-2: Fly out, F8 (Line Drive, 8RD)
Bottom of the 2nd over - 0 runs, 0 hits, 1 error, 1 left on base; Houston 3 - Albuquerque 0
TOP OF THE 3RD
Houston Hammertime batting - Pitching for Albuquerque Isotopes : RHP Pedro Alvarado
Batting: LHB Marcos Cantú 0-0: Fly out, F7 (Line Drive, 78M)
Batting: RHB Raúl Salas 0-0: Ball
1-0: Swinging Strike
1-1: Swinging Strike
1-2: Ball
2-2: Foul Ball, location: 2F
2-2: Foul Ball, location: 2F
2-2: Ball
3-2: Base on Balls
Batting: LHB António Camacho 0-0: Called Strike
0-1: Swinging Strike
0-2: Strikes out swinging
Batting: RHB Jorge Barbosa 0-0: Ball
1-0: Called Strike
1-1: Ball
2-1: Ball
3-1: 2-RUN HOME RUN (Flyball, 7D), Distance : 371 ft
Batting: LHB Raúl Casillán 0-0: Ball
1-0: Ground out 4-3 (Groundball, 4)
Top of the 3rd over - 2 runs, 1 hit, 0 errors, 0 left on base; Houston 5 - Albuquerque 0
BOTTOM OF THE 3RD
Albuquerque Isotopes batting - Pitching for Houston Hammertime : RHP Aaron Green
Batting: RHB Martín López 0-0: Called Strike
0-1: Ball
1-1: Ball
2-1: Called Strike
2-2: Ground out 3-1 (Groundball, 34)
Batting: RHB Daniel Martínez 0-0: Foul Ball, location: 2F
0-1: Ball
1-1: Ball
2-1: Called Strike
2-2: Fly out, F9 (Line Drive, 9D)
Batting: LHB Robin Jamieson 0-0: Called Strike
0-1: Ball
1-1: Foul Ball, location: 2F
1-2: Ball
2-2: Ball
3-2: Foul Ball, location: 2F
3-2: Ground out 4-3 (Groundball, 4)
Bottom of the 3rd over - 0 runs, 0 hits, 0 errors, 0 left on base; Houston 5 - Albuquerque 0
TOP OF THE 4TH
Houston Hammertime batting - Pitching for Albuquerque Isotopes : RHP Pedro Alvarado
Batting: RHB José García 0-0: Fly out, F8 (Flyball, 8RS)
Batting: LHB Enrique Valentín 0-0: Ball
1-0: Ball
2-0: Swinging Strike
2-1: SINGLE (Flyball, 78S)
Batting: RHB Juan Carlos 0-0: Called Strike
0-1: Called Strike
0-2: Strikes out looking
Batting: RHB Ron Elazar 0-0: Foul Ball, location: 2F
0-1: Ball
1-1: Foul Ball, location: 2F
1-2: Foul Ball, location: 2F
1-2: Fly out, F9 (Flyball, 9D)
Top of the 4th over - 0 runs, 1 hit, 0 errors, 1 left on base; Houston 5 - Albuquerque 0
BOTTOM OF THE 4TH
Albuquerque Isotopes batting - Pitching for Houston Hammertime : RHP Aaron Green
Batting: RHB Kelly Graham 0-0: Foul Ball, location: 2F
0-1: Ball
1-1: Ball
2-1: Swinging Strike
2-2: Strikes out swinging
Batting: LHB José González 0-0: Ball
1-0: Called Strike
1-1: Ball
2-1: Foul Ball, location: 2F
2-2: Strikes out swinging
Batting: RHB Roberto Tobías 0-0: Called Strike
0-1: Called Strike
0-2: Fly out, F9 (Flyball, 89M)
Bottom of the 4th over - 0 runs, 0 hits, 0 errors, 0 left on base; Houston 5 - Albuquerque 0
TOP OF THE 5TH
Houston Hammertime batting - Pitching for Albuquerque Isotopes : RHP Pedro Alvarado
Batting: LHB Marcos Cantú 0-0: Called Strike
0-1: DOUBLE (Line Drive, 9LD)
Pitching: RHP Bill Hendricks
Batting: RHB Raúl Salas 0-0: Ball
1-0: Swinging Strike
1-1: Called Strike
1-2: Strikes out swinging
Batting: LHB António Camacho 0-0: Foul Ball, location: 2F
0-1: Foul Ball, location: 2F
0-2: Ball
1-2: Foul Ball, location: 2F
1-2: Foul Ball, location: 2F
1-2: Reached on error, E4 (Groundball, 4)
Marcos Cantú scores
Batting: RHB Jorge Barbosa 0-0: Ball
1-0: Ball
2-0: Ball
3-0: Foul Ball, location: 2F
3-1: SINGLE (Groundball, 56S) (infield hit)
António Camacho to third
Batting: LHB Raúl Casillán 0-0: Ball
1-0: Ball
2-0: Foul Ball, location: 2F
2-1: Ball
3-1: Called Strike
3-2: Base on Balls
Jorge Barbosa to second
Batting: RHB José García 0-0: Ball
Wild Pitch!
António Camacho scores
Jorge Barbosa to third
Raúl Casillán to second
1-0: Called Strike
1-1: Ball
2-1: Foul Ball, location: 2F
2-2: DOUBLE (Flyball, 78D)
Jorge Barbosa scores
Raúl Casillán scores
Batting: LHB Enrique Valentín 0-0: Ball
1-0: Foul Ball, location: 2F
1-1: Foul Ball, location: 2F
1-2: Strikes out swinging
Batting: RHB Juan Carlos 0-0: Called Strike
0-1: Ball
1-1: Fly out, F8 (Flyball, 8RS)
Top of the 5th over - 4 runs, 3 hits, 1 error, 1 left on base; Houston 9 - Albuquerque 0
BOTTOM OF THE 5TH
Albuquerque Isotopes batting - Pitching for Houston Hammertime : RHP Aaron Green
Batting: SHB Manuel Hegnauer 0-0: Called Strike
0-1: Called Strike
0-2: Hit by Pitch
Pinch Runner at 1st Héctor Soto:
Batting: LHB Tanyu Imai 0-0: Swinging Strike
0-1: Ball
1-1: Ball
2-1: Grounds into double play, 6-4-3 (Groundball, 6)
Batting: RHB Luis Ortega 0-0: Foul Ball, location: 2F
0-1: Ball
1-1: Ball
2-1: Foul Ball, location: 2F
2-2: Ball
3-2: Base on Balls
Batting: RHB Martín López 0-0: Called Strike
0-1: Foul Ball, location: 2F
0-2: Ball
1-2: Strikes out swinging
Bottom of the 5th over - 0 runs, 0 hits, 0 errors, 1 left on base; Houston 9 - Albuquerque 0
TOP OF THE 6TH
Houston Hammertime batting - Pitching for Albuquerque Isotopes : RHP Bill Hendricks
Batting: RHB Ron Elazar 0-0: Ball
1-0: Called Strike
1-1: Fly out, F9 (Line Drive, 9)
Batting: LHB Marcos Cantú 0-0: Ball
1-0: Ball
2-0: Ball
3-0: Called Strike
3-1: Base on Balls
Batting: RHB Raúl Salas 0-0: Ball
1-0: Ball
2-0: Called Strike
2-1: Fly out, F7 (Flyball, 7LSF)
Batting: LHB António Camacho 0-0: Ball
1-0: Fielders Choice at 2nd, 6-4 (Groundball, 6)
Top of the 6th over - 0 runs, 0 hits, 0 errors, 1 left on base; Houston 9 - Albuquerque 0
BOTTOM OF THE 6TH
Albuquerque Isotopes batting - Pitching for Houston Hammertime : RHP Aaron Green
Batting: RHB Daniel Martínez 0-0: Called Strike
0-1: Ball
1-1: Foul Ball, location: 2F
1-2: Fly out, F8 (Flyball, 8RM)
Batting: LHB Robin Jamieson 0-0: Fly out, F8 (Line Drive, 8LM)
Batting: RHB Kelly Graham 0-0: Ball
1-0: SINGLE (Groundball, 6MD)
Batting: LHB José González 0-0: Ball
1-0: Ball
2-0: Foul Ball, location: 2F
2-1: Called Strike
2-2: Ball
3-2: Base on Balls
Kelly Graham to second
Batting: RHB Roberto Tobías 0-0: SINGLE (Groundball, 3D)
Kelly Graham to third
José González to second
Runner from 3rd tries for Home, SAFE, no throw
Batting: LHB Héctor Soto 0-0: Called Strike
0-1: Ball
1-1: Called Strike
1-2: Strikes out swinging
Bottom of the 6th over - 1 run, 2 hits, 0 errors, 2 left on base; Houston 9 - Albuquerque 1
TOP OF THE 7TH
Houston Hammertime batting - Pitching for Albuquerque Isotopes : RHP Bill Hendricks
Batting: RHB Jorge Barbosa 0-0: Ball
1-0: Ball
2-0: Called Strike
2-1: Called Strike
2-2: Ball
3-2: Fly out, F7 (Flyball, 7LSF)
Batting: LHB Raúl Casillán 0-0: Ball
1-0: Ball
2-0: Ball
3-0: Called Strike
3-1: SINGLE (Popup, 4MD)
Pitching: LHP Alberto Ruíz
Batting: RHB José García 0-0: Called Strike
0-1: Ball
1-1: Ball
2-1: Ball
3-1: Grounds out, U3 (Groundball, 3L)
Batting: LHB Enrique Valentín 0-0: Called Strike
0-1: Ground out 4-3 (Groundball, 4)
Top of the 7th over - 0 runs, 1 hit, 0 errors, 1 left on base; Houston 9 - Albuquerque 1
BOTTOM OF THE 7TH
Albuquerque Isotopes batting - Pitching for Houston Hammertime : RHP Aaron Green
Batting: LHB Tanyu Imai 0-0: Ball
1-0: Ground out 4-3 (Groundball, 4)
Batting: RHB Luis Ortega 0-0: Ball
1-0: Ground out 6-3 (Groundball, 6S)
Batting: RHB Martín López 0-0: Called Strike
0-1: Ball
1-1: Ball
2-1: Ball
3-1: Swinging Strike
3-2: Strikes out swinging
Bottom of the 7th over - 0 runs, 0 hits, 0 errors, 0 left on base; Houston 9 - Albuquerque 1
TOP OF THE 8TH
Houston Hammertime batting - Pitching for Albuquerque Isotopes : LHP Alberto Ruíz
Batting: RHB Juan Carlos 0-0: Ball
1-0: Fly out, F8 (Flyball, 8LM)
Batting: RHB Ron Elazar 0-0: Ball
1-0: Ball
2-0: Ball
3-0: Called Strike
3-1: Foul Ball, location: 2F
3-2: Base on Balls
Batting: LHB Marcos Cantú 0-0: Ball
1-0: Called Strike
1-1: SINGLE (Line Drive, 7S)
Ron Elazar to second
Batting: RHB Raúl Salas 0-0: Foul Ball, location: 2F
0-1: Ball
1-1: Fly out, F8 (Line Drive, 8LXD)
Runner from 2nd tags up, SAFE at 3rd, no throw
Batting: LHB António Camacho 0-0: SINGLE (Groundball, 6) (infield hit)
Ron Elazar scores
Marcos Cantú to second
Batting: RHB Jorge Barbosa 0-0: Ball
1-0: SINGLE (Line Drive, 4D)
Marcos Cantú to third
António Camacho to second
Runner from 3rd tries for Home, SAFE, no throw
Batting: LHB Raúl Casillán 0-0: Called Strike
0-1: Fly out, F4 (Line Drive, 4)
Top of the 8th over - 2 runs, 3 hits, 0 errors, 2 left on base; Houston 11 - Albuquerque 1
BOTTOM OF THE 8TH
Albuquerque Isotopes batting - Pitching for Houston Hammertime : RHP Aaron Green
Pitching: LHP Dan Snyder
Batting: RHB Daniel Martínez 0-0: Swinging Strike
0-1: SINGLE (Groundball, 6MD)
Batting: LHB Robin Jamieson 0-0: Ball
1-0: SINGLE (Groundball, 4MD)
Daniel Martínez to second
Batting: RHB Kelly Graham 0-0: Ball
1-0: Ground out 6-3 (Groundball, 6S)
Daniel Martínez to third
Robin Jamieson to second
Batting: LHB José González 0-0: Ball
1-0: Ball
2-0: Called Strike
2-1: Called Strike
2-2: Strikes out looking
Batting: RHB Roberto Tobías 0-0: Ball
1-0: Called Strike
1-1: Ball
2-1: Foul Ball, location: 2F
2-2: Ball
3-2: Foul Ball, location: 2F
3-2: Base on Balls
Batting: LHB Héctor Soto 0-0: Ball
1-0: Swinging Strike
1-1: Ball
2-1: Swinging Strike
2-2: Strikes out looking
Bottom of the 8th over - 0 runs, 2 hits, 0 errors, 3 left on base; Houston 11 - Albuquerque 1
TOP OF THE 9TH
Houston Hammertime batting - Pitching for Albuquerque Isotopes : LHP Alberto Ruíz
Batting: RHB José García 0-0: Ground out 4-3 (Groundball, 4MS)
Batting: LHB Enrique Valentín 0-0: Fly out, F8 (Flyball, 8RM)
Batting: RHB Juan Carlos 0-0: Ball
1-0: Swinging Strike
1-1: SINGLE (Flyball, 7LS)
Batting: RHB Ron Elazar 0-0: Ball
1-0: Called Strike
1-1: DOUBLE (Flyball, 8RXD)
Juan Carlos to third
Runner from 3rd tries for Home, SAFE, no throw
Batting: LHB Marcos Cantú 0-0: Ball
1-0: Foul Ball, location: 2F
1-1: Swinging Strike
1-2: Strikes out swinging
Top of the 9th over - 1 run, 2 hits, 0 errors, 1 left on base; Houston 12 - Albuquerque 1
BOTTOM OF THE 9TH
Albuquerque Isotopes batting - Pitching for Houston Hammertime : LHP Dan Snyder
Batting: LHB Tanyu Imai 0-0: Ball
1-0: Called Strike
1-1: Ball
2-1: Ball
3-1: Base on Balls
Batting: RHB Luis Ortega 0-0: Ball
1-0: Foul Ball, location: 2F
1-1: Swinging Strike
1-2: Strikes out swinging
Batting: RHB Martín López 0-0: Ball
1-0: Called Strike
1-1: Foul Ball, location: 2F
1-2: Strikes out looking
Batting: RHB Daniel Martínez 0-0: Ground out 5-3 (Groundball, 56S)
Bottom of the 9th over - 0 runs, 0 hits, 0 errors, 1 left on base; Houston 12 - Albuquerque 1
Saturday, April 7th, 2018 - OOTP Baseball 18.8 Build 76